[Event "Icelandic Team-ch Kvika Leagu 2023-24"]
[Site "Reykjavik"]
[Date "2024.03.02"]
[Round "9"]
[White "Kjartansson, Gudmundur"]
[Black "Lomasov, Semyon"]
[Result "1/2-1/2"]
[ECO "A34"]
[WhiteElo "2465"]
[BlackElo "2565"]
[Annotator "RC"]
[PlyCount "69"]
[EventDate "2024.02.29"]
[EventType "team-tourn"]
[EventCountry "ISL"]
[SourceTitle "playchess.com"]
[Source "ChessBase"]
[SourceQuality "1"]
[TimeControl "40/5400+30:900+30"]

1. Nf3 Nf6 2. c4 c5 3. Nc3 Nc6 4. g3 d5 5. cxd5 Nxd5 6. Bg2 Nc7 7. a3 e6 8. O-O Be7 9. e3 O-O 10. d4 cxd4 11. Nxd4 Bd7 12. Nde2 Qc8 13. e4 Rd8 14. Qc2 Ne5 15. Bf4 Bf6 16. Rfd1 Nb5 17. Rac1 Be8 18. Rxd8 Qxd8 19. Nxb5 Bxb5 20. Qc5 Bxe2 21. Bxe5 Bxe5 22. Qxe5 Rc8 23. Qg5 Rxc1+ 24. Qxc1 e5 25. Bf1 Bxf1 26. Kxf1 g6 27. Kg2 b6 28. Qc6 Qd4 29. b4 Kg7 30. h4 h5 31. b5 Qd3 32. a4 Qd4 33. Qc2 Kg8 34. Kg1 Kg7 35. Kg2 1/2-1/2

[Event "Icelandic Team-ch Kvika Leagu 2023-24"]
[Site "Reykjavik"]
[Date "2024.03.02"]
[Round "9"]
[White "Stefansson, Vignir Vatnar"]
[Black "Gretarsson, Helgi Ass"]
[Result "1-0"]
[ECO "C55"]
[WhiteElo "2464"]
[BlackElo "2477"]
[Annotator "RC"]
[PlyCount "112"]
[EventDate "2024.02.29"]
[EventType "team-tourn"]
[EventCountry "ISL"]
[SourceTitle "playchess.com"]
[Source "ChessBase"]
[SourceQuality "1"]
[TimeControl "40/5400+30:900+30"]

1. e4 e5 2. Nf3 Nc6 3. Bc4 Nf6 4. d3 Be7 5. O-O O-O 6. c3 d6 7. a4 Be6 8. Bxe6 fxe6 9. b4 a6 10. Nbd2 Qe8 11. Qb3 d5 12. Bb2 Kh8 13. Rfe1 Bd6 14. Nf1 Qf7 15. b5 Na5 16. Qc2 Nd7 17. Bc1 b6 18. Bd2 Nc5 19. Rab1 Nab7 20. Ng3 Nd7 21. d4 exd4 22. cxd4 e5 23. Qc6 Ra7 24. Qxd5 Qxd5 25. exd5 exd4 26. Nxd4 axb5 27. axb5 Nf6 28. Ne6 Rf7 29. Nf4 Kg8 30. Rbd1 Ra4 31. Nge2 Re7 32. g3 Rc4 33. Be3 Bc5 34. Ng2 Nd6 35. Bxc5 Rxc5 36. Ne3 Nxb5 37. Rd3 g6 38. Nf4 Rc3 39. Rd2 Nd6 40. Ra1 Nfe4 41. Re2 Nc5 42. Ra7 g5 43. Nh5 Kf7 44. Rea2 Kg6 45. g4 Nd3 46. Ra8 Rc1+ 47. Kg2 Nf4+ 48. Nxf4+ gxf4 49. Nc2 Re2 50. Nd4 Rxa2 51. Rxa2 Kf6 52. Nc6 Rd1 53. Ra7 Rd3 54. Rxc7 Ne4 55. Rf7+ Kg5 56. Ne5 Rd4 1-0

[Event "Icelandic Team-ch Kvika Leagu 2023-24"]
[Site "Reykjavik"]
[Date "2024.03.02"]
[Round "9"]
[White "Olsen, Filip Boe"]
[Black "Urkedal, Frode Olav Olsen"]
[Result "0-1"]
[ECO "A50"]
[WhiteElo "2456"]
[BlackElo "2536"]
[Annotator "RC"]
[PlyCount "120"]
[EventDate "2024.02.29"]
[EventType "team-tourn"]
[EventCountry "ISL"]
[SourceTitle "playchess.com"]
[Source "ChessBase"]
[SourceQuality "1"]
[TimeControl "40/5400+30:900+30"]

1. d4 Nf6 2. c4 e6 3. Bf4 Bb4+ 4. Nd2 c5 5. dxc5 Bxc5 6. e3 O-O 7. Ngf3 b6 8. Be2 Bb7 9. O-O Be7 10. h3 d5 11. Rc1 Nbd7 12. a3 Rc8 13. cxd5 Nxd5 14. Bh2 Rxc1 15. Qxc1 Nc5 16. Nc4 b5 17. Nce5 f6 18. b4 Na4 19. Nc6 Ndc3 20. Nxd8 Nxe2+ 21. Kh1 Nxc1 22. Nxb7 Nd3 23. Nd4 e5 24. Nxb5 Rc8 25. N7d6 Rb8 26. Nf5 Bxb4 27. Nxa7 Bxa3 28. Bg1 Nc3 29. Nc6 Rb2 30. Ra1 Nb1 31. Na5 Nxf2+ 32. Kh2 Ne4 33. Nc4 Rb3 34. Rxb1 Rxb1 35. Nxa3 Rf1 36. Ne7+ Kf7 37. Nd5 Ke6 38. Nb4 Nc3 39. e4 Nxe4 40. Nd3 Rd1 41. Nc5+ Nxc5 42. Bxc5 Rc1 43. Bf8 e4 44. Kg3 g5 45. Kf2 f5 46. Bh6 Ra1 47. Nc4 Ra2+ 48. Kf1 Ra4 49. Nd2 Kf6 50. h4 gxh4 51. Bf4 Ra1+ 52. Kf2 Rh1 53. Nf1 h3 54. Ng3 hxg2 55. Kxg2 Ra1 56. Ne2 Ra2 57. Kf2 Kg6 58. Be3 Kh5 59. Bc1 Kg4 60. Bh6 f4 0-1

[Event "Icelandic Team-ch Kvika Leagu 2023-24"]
[Site "Reykjavik"]
[Date "2024.03.02"]
[Round "9"]
[White "Gunnarsson, Jon Viktor"]
[Black "Olafsson, Thorvardur"]
[Result "1-0"]
[ECO "A05"]
[WhiteElo "2442"]
[BlackElo "2105"]
[Annotator "ChessBase"]
[PlyCount "71"]
[EventDate "2024.02.29"]
[EventType "team-tourn"]
[EventCountry "ISL"]
[SourceTitle "playchess.com"]
[Source "ChessBase"]
[SourceQuality "1"]
[TimeControl "40/5400+30:900+30"]

1. b3 Nf6 2. Bb2 e6 3. Nf3 b6 4. d3 Be7 5. Nbd2 O-O 6. e3 Bb7 7. Rg1 Ne8 8. g4 Bf6 9. d4 g6 10. Bd3 Bg7 11. Qe2 c5 12. O-O-O Nc6 13. a3 a5 14. c3 a4 15. b4 cxb4 16. cxb4 Qe7 17. Bc3 Nf6 18. e4 Rfc8 19. Kb2 Na5 20. Rc1 Nb3 21. Nxb3 axb3 22. Nd2 d5 23. e5 Ne4 24. Nxe4 dxe4 25. Bxe4 Bh6 26. Ra1 Qc7 27. Rg3 Bf4 28. Rf3 g5 29. Kxb3 b5 30. Kb2 Bxe4 31. Qxe4 Qc4 32. Qd3 Qd5 33. Rh3 Qg2 34. Qxh7+ Kf8 35. Qh8+ Ke7 36. Qf6+ 1-0

[Event "Icelandic Team-ch Kvika Leagu 2023-24"]
[Site "Reykjavik"]
[Date "2024.03.02"]
[Round "9"]
[White "Petursson, Margeir"]
[Black "Prudnikov, Andrey"]
[Result "1-0"]
[ECO "D85"]
[WhiteElo "2408"]
[BlackElo "2094"]
[Annotator "RC"]
[PlyCount "85"]
[EventDate "2024.02.29"]
[EventType "team-tourn"]
[EventCountry "ISL"]
[SourceTitle "playchess.com"]
[Source "ChessBase"]
[SourceQuality "1"]
[TimeControl "40/5400+30:900+30"]

1. d4 Nf6 2. c4 g6 3. Nc3 d5 4. cxd5 Nxd5 5. e4 Nxc3 6. bxc3 Bg7 7. Rb1 O-O 8. Nf3 c5 9. Be2 Bg4 10. Be3 cxd4 11. cxd4 Qa5+ 12. Qd2 Qxd2+ 13. Nxd2 Bxe2 14. Kxe2 b6 15. Rhc1 Na6 16. Rc4 Rfc8 17. Rbc1 Rxc4 18. Rxc4 e6 19. a3 Rd8 20. Nb3 Bf8 21. Ra4 Nc7 22. Rxa7 Nb5 23. Ra6 Nxa3 24. Rxb6 Rc8 25. Na5 Ra8 26. Bd2 Be7 27. Kd3 Kg7 28. Rb7 Bf8 29. Nc6 Bd6 30. f4 Rc8 31. d5 exd5 32. exd5 Rc7 33. Rb3 Rc8 34. Bc1 Ra8 35. Rb7 Ra4 36. Bb2+ Kh6 37. Be5 Nc4 38. Rxf7 Bc5 39. h3 Nb6 40. Bg7+ Kh5 41. Bd4 h6 42. Bxc5 Nxd5 43. g3 1-0

[Event "Icelandic Team-ch Kvika Leagu 2023-24"]
[Site "Reykjavik"]
[Date "2024.03.02"]
[Round "9"]
[White "Arngrimsson, Dagur"]
[Black "Steingrimsson, Hedinn"]
[Result "1/2-1/2"]
[ECO "D27"]
[WhiteElo "2366"]
[BlackElo "2477"]
[Annotator "RC"]
[PlyCount "62"]
[EventDate "2024.02.29"]
[EventType "team-tourn"]
[EventCountry "ISL"]
[SourceTitle "playchess.com"]
[Source "ChessBase"]
[SourceQuality "1"]
[TimeControl "40/5400+30:900+30"]

1. d4 Nf6 2. c4 e6 3. Nf3 d5 4. Nc3 dxc4 5. e3 a6 6. a4 c5 7. Bxc4 Nc6 8. O-O Be7 9. dxc5 Bxc5 10. Qxd8+ Kxd8 11. Bd2 b6 12. Rfd1 Ke7 13. Na2 Ne4 14. Be1 a5 15. Bb5 Bb7 16. Nc3 Nd6 17. Bxc6 Bxc6 18. Ne5 Rac8 19. Nd3 Nb7 20. Rab1 Rhd8 21. b4 Rxd3 22. Rxd3 axb4 23. Na2 Be4 24. Nxb4 Ke8 25. Rc1 Bxd3 26. Nxd3 Rd8 27. Nb2 Ra8 28. Rb1 Nd6 29. Kf1 Kd7 30. Ke2 h5 31. f3 Ba3 1/2-1/2

[Event "Icelandic Team-ch Kvika Leagu 2023-24"]
[Site "Reykjavik"]
[Date "2024.03.02"]
[Round "9"]
[White "Domalchuk-Jonasson, Aleksandr"]
[Black "Hansen, Soren Bech"]
[Result "1/2-1/2"]
[ECO "E32"]
[WhiteElo "2355"]
[BlackElo "2213"]
[Annotator "RC"]
[PlyCount "43"]
[EventDate "2024.02.29"]
[EventType "team-tourn"]
[EventCountry "ISL"]
[SourceTitle "playchess.com"]
[Source "ChessBase"]
[SourceQuality "1"]
[TimeControl "40/5400+30:900+30"]

1. d4 Nf6 2. c4 e6 3. Nc3 Bb4 4. Qc2 O-O 5. a3 Bxc3+ 6. Qxc3 b6 7. Bg5 Ba6 8. Qf3 Nc6 9. e3 Na5 10. Rc1 c5 11. d5 exd5 12. cxd5 Bxf1 13. Kxf1 Re8 14. Bxf6 Qxf6 15. Qxf6 gxf6 16. Ne2 Nb3 17. Rc2 Re5 18. Nf4 f5 19. g3 f6 20. Kg2 b5 21. Rd1 Kf7 22. Kf3 1/2-1/2

[Event "Icelandic Team-ch Kvika Leagu 2023-24"]
[Site "Reykjavik"]
[Date "2024.03.02"]
[Round "9"]
[White "Ragnarsson, Dagur"]
[Black "Petersson, Baldur Teodor"]
[Result "1/2-1/2"]
[ECO "D10"]
[WhiteElo "2337"]
[BlackElo "2190"]
[Annotator "RC"]
[PlyCount "36"]
[EventDate "2024.02.29"]
[EventType "team-tourn"]
[EventCountry "ISL"]
[SourceTitle "playchess.com"]
[Source "ChessBase"]
[SourceQuality "1"]
[TimeControl "40/5400+30:900+30"]

1. d4 d5 2. c4 c6 3. Nc3 Nf6 4. e3 a6 5. Bd3 b5 6. b3 e6 7. Nge2 Bd6 8. c5 Bc7 9. f4 Ng4 10. O-O f5 11. Qe1 Nd7 12. Nd1 a5 13. a4 b4 14. Kh1 Ba6 15. Nb2 Ndf6 16. h3 Nh6 17. Bxa6 Rxa6 18. Nd3 Ne4 1/2-1/2

[Event "Icelandic Team-ch Kvika Leagu 2023-24"]
[Site "Reykjavik"]
[Date "2024.03.02"]
[Round "9"]
[White "O`Donnell, Conor"]
[Black "Sverrisson, Nokkvi"]
[Result "1/2-1/2"]
[ECO "E04"]
[WhiteElo "2284"]
[BlackElo "2052"]
[Annotator "RC"]
[PlyCount "64"]
[EventDate "2024.02.29"]
[EventType "team-tourn"]
[EventCountry "ISL"]
[SourceTitle "playchess.com"]
[Source "ChessBase"]
[SourceQuality "1"]
[TimeControl "40/5400+30:900+30"]

1. d4 Nf6 2. c4 e6 3. Nf3 d5 4. g3 dxc4 5. Bg2 c5 6. O-O Nc6 7. Qa4 Bd7 8. dxc5 Qa5 9. Qxc4 Qxc5 10. Qb3 Na5 11. Qd1 Be7 12. b3 Rc8 13. Ba3 Qc2 14. Qe1 Bxa3 15. Nxa3 Qc3 16. Qxc3 Rxc3 17. Ne5 Ke7 18. Nxd7 Nxd7 19. Rfc1 Rcc8 20. Nb5 a6 21. Nd4 Ne5 22. b4 Nac6 23. Nxc6+ Nxc6 24. Rab1 Rc7 25. Rc5 Rhc8 26. Rbc1 Kd6 27. Rd1+ Ke7 28. Rdc1 Kd6 29. a3 Nd8 30. Rxc7 Rxc7 31. Rxc7 Kxc7 32. Kf1 Nc6 1/2-1/2

[Event "Icelandic Team-ch Kvika Leagu 2023-24"]
[Site "Reykjavik"]
[Date "2024.03.02"]
[Round "9"]
[White "Gislason, Gudmundur"]
[Black "Thorfinnsson, Bragi"]
[Result "1/2-1/2"]
[ECO "A17"]
[WhiteElo "2266"]
[BlackElo "2397"]
[Annotator "RC"]
[PlyCount "88"]
[EventDate "2024.02.29"]
[EventType "team-tourn"]
[EventCountry "ISL"]
[SourceTitle "playchess.com"]
[Source "ChessBase"]
[SourceQuality "1"]
[TimeControl "40/5400+30:900+30"]

1. Nf3 d5 2. c4 e6 3. e3 Nf6 4. Nc3 Bd6 5. d4 O-O 6. c5 Be7 7. b4 b6 8. Rb1 c6 9. Bd3 a5 10. a3 Ba6 11. O-O Bxd3 12. Qxd3 axb4 13. axb4 b5 14. Bd2 Nbd7 15. Ra1 Qc7 16. Rfb1 Qb7 17. h3 Ra6 18. Rxa6 Qxa6 19. Be1 Ra8 20. Nd2 Bd8 21. f4 Bc7 22. g4 Qc8 23. Nf3 Ra3 24. Qc2 Qa8 25. Rb2 Ne4 26. Ra2 Nxc3 27. Rxa3 Ne2+ 28. Qxe2 Qxa3 29. g5 Nb8 30. Kg2 Na6 31. Qd2 Qb3 32. Qc3 Qa2+ 33. Nd2 Nxb4 34. Qxb4 Ba5 35. Qb3 Qxb3 36. Nxb3 Bxe1 37. Kf1 Bb4 38. Ke2 f6 39. h4 Kf7 40. Kf3 Kg6 41. Kg4 h5+ 42. gxh6 gxh6 43. h5+ Kf7 44. Kf3 Ke7 1/2-1/2

[Event "Icelandic Team-ch Kvika Leagu 2023-24"]
[Site "Reykjavik"]
[Date "2024.03.02"]
[Round "9"]
[White "Van den Berg, Bram"]
[Black "Sulypa, Oleksandr"]
[Result "1-0"]
[ECO "B20"]
[WhiteElo "2173"]
[BlackElo "2457"]
[Annotator "RC"]
[PlyCount "55"]
[EventDate "2024.02.29"]
[EventType "team-tourn"]
[EventCountry "ISL"]
[SourceTitle "playchess.com"]
[Source "ChessBase"]
[SourceQuality "1"]
[TimeControl "40/5400+30:900+30"]

1. e4 c5 2. b4 cxb4 3. a3 e5 4. Nf3 Nc6 5. Bb5 a6 6. Ba4 Nf6 7. O-O Nxe4 8. Re1 Nc5 9. axb4 Nxa4 10. Nxe5 Be7 11. Rxa4 O-O 12. b5 Nxe5 13. Rxe5 d6 14. Re1 Be6 15. bxa6 Rxa6 16. Rxa6 bxa6 17. d4 Bf6 18. Nc3 Qa5 19. Ne2 Rc8 20. c3 Qa2 21. Bd2 g6 22. Nf4 Bf5 23. Ne2 Rb8 24. Ng3 Bd3 25. Bh6 Qc2 26. Qxc2 Bxc2 27. Bf4 Rb6 28. Nf1 1-0

[Event "Icelandic Team-ch Kvika Leagu 2023-24"]
[Site "Reykjavik"]
[Date "2024.03.02"]
[Round "9"]
[White "Kristinsson, Baldur"]
[Black "Bjornsson, Sigurbjorn"]
[Result "1/2-1/2"]
[ECO "B51"]
[WhiteElo "2169"]
[BlackElo "2305"]
[Annotator "RC"]
[PlyCount "75"]
[EventDate "2024.02.29"]
[EventType "team-tourn"]
[EventCountry "ISL"]
[SourceTitle "playchess.com"]
[Source "ChessBase"]
[SourceQuality "1"]
[TimeControl "40/5400+30:900+30"]

1. e4 c5 2. Nf3 d6 3. Bb5+ Nd7 4. O-O a6 5. Bd3 Ngf6 6. Re1 g6 7. b3 Bg7 8. Bb2 O-O 9. Bf1 b5 10. d4 cxd4 11. Bxd4 Bb7 12. Nbd2 e5 13. Bb2 Nc5 14. Bd3 Rc8 15. a4 bxa4 16. b4 Nxd3 17. cxd3 Nh5 18. Rxa4 Nf4 19. Nc4 f5 20. Na5 Ba8 21. Ra3 Kh8 22. Bc1 Ne6 23. Nb3 Qb6 24. Be3 Qxb4 25. Rxa6 fxe4 26. dxe4 Bxe4 27. Qxd6 Qxb3 28. Qxe6 Qc3 29. Bd2 Qc2 30. Ra2 Qc4 31. Qxc4 Rxc4 32. Ng5 Bd5 33. Ra5 Rd4 34. Bc3 Rd3 35. Re3 Rd1+ 36. Re1 Rd3 37. Re3 Rd1+ 38. Re1 1/2-1/2

[Event "Icelandic Team-ch Kvika Leagu 2023-24"]
[Site "Reykjavik"]
[Date "2024.03.02"]
[Round "9"]
[White "Bjornsson, Tomas"]
[Black "Ptacnikova, Lenka"]
[Result "0-1"]
[ECO "B44"]
[WhiteElo "2165"]
[BlackElo "2067"]
[Annotator "RC"]
[PlyCount "134"]
[EventDate "2024.02.29"]
[EventType "team-tourn"]
[EventCountry "ISL"]
[SourceTitle "playchess.com"]
[Source "ChessBase"]
[SourceQuality "1"]
[TimeControl "40/5400+30:900+30"]

1. e4 c5 2. Nf3 e6 3. d4 cxd4 4. Nxd4 Nf6 5. Bd3 Nc6 6. Nxc6 bxc6 7. c4 d5 8. cxd5 cxd5 9. Bb5+ Bd7 10. Bxd7+ Qxd7 11. exd5 Nxd5 12. O-O Be7 13. Nd2 O-O 14. Ne4 Rfd8 15. Qe2 h6 16. Bd2 Rab8 17. b3 Rbc8 18. Ba5 Re8 19. Rfd1 Qc6 20. h3 f5 21. Ng3 Bf6 22. Rac1 Qxc1 23. Rxc1 Rxc1+ 24. Kh2 Kf7 25. Qd3 Be5 26. Bd2 Ra1 27. a4 Re7 28. h4 Nf6 29. f3 Nh5 30. f4 Nxf4 31. Bxf4 Bxf4 32. Qd4 Bxg3+ 33. Kxg3 Rc1 34. b4 Rcc7 35. b5 Red7 36. Qe3 Rc4 37. Qa3 Rcd4 38. Kf2 Rxh4 39. a5 Rhd4 40. Qc5 R4d5 41. Qc6 Re7 42. g3 g5 43. a6 Rd8 44. Qc4 Rb8 45. Qd4 Rxb5 46. Qh8 g4 47. Qxh6 Ke8 48. Qh8+ Kd7 49. Qa8 Kd6 50. Qd8+ Rd7 51. Qf6 Rd5 52. Ke3 Re5+ 53. Kf2 Re4 54. Qf8+ Kd5 55. Qa8+ Kd4 56. Qb8 Rh7 57. Qb4+ Kd5 58. Qb5+ Kd6 59. Qb8+ Kc6 60. Kf1 Rh1+ 61. Kf2 Rh2+ 62. Kg1 Rhe2 63. Qc8+ Kb5 64. Qb7+ Ka5 65. Qc7+ Kb4 66. Qd6+ Kb3 67. Qd3+ Ka2 0-1

[Event "Icelandic Team-ch Kvika Leagu 2023-24"]
[Site "Reykjavik"]
[Date "2024.03.02"]
[Round "9"]
[White "Mai, Alexander Oliver"]
[Black "Halldorsson, Bragi"]
[Result "1/2-1/2"]
[ECO "B13"]
[WhiteElo "2160"]
[BlackElo "2051"]
[Annotator "RC"]
[PlyCount "55"]
[EventDate "2024.02.29"]
[EventType "team-tourn"]
[EventCountry "ISL"]
[SourceTitle "playchess.com"]
[Source "ChessBase"]
[SourceQuality "1"]
[TimeControl "40/5400+30:900+30"]

1. e4 c6 2. d4 d5 3. exd5 cxd5 4. Bd3 Nc6 5. c3 g6 6. Bf4 Bg7 7. Nd2 Nh6 8. Ngf3 O-O 9. O-O f6 10. c4 Bf5 11. Nb3 b6 12. Bxh6 Bxh6 13. Bxf5 gxf5 14. Qd3 e6 15. Rfe1 Re8 16. a3 Qd7 17. Re2 Rac8 18. Rae1 dxc4 19. Qxc4 Ne5 20. Nxe5 fxe5 21. Qd3 e4 22. Qg3+ Kh8 23. f3 Rg8 24. Qh3 Bg7 25. fxe4 Bxd4+ 26. Kh1 Bf6 27. exf5 exf5 28. Rd2 1/2-1/2

[Event "Icelandic Team-ch Kvika Leagu 2023-24"]
[Site "Reykjavik"]
[Date "2024.03.02"]
[Round "9"]
[White "Sigurjonsson, Stefan Th."]
[Black "Fridbertsson, Aegir"]
[Result "1/2-1/2"]
[ECO "C07"]
[WhiteElo "2106"]
[BlackElo "2075"]
[Annotator "RC"]
[PlyCount "88"]
[EventDate "2024.02.29"]
[EventType "team-tourn"]
[EventCountry "ISL"]
[SourceTitle "playchess.com"]
[Source "ChessBase"]
[SourceQuality "1"]
[TimeControl "40/5400+30:900+30"]

1. e4 e6 2. d4 d5 3. Nd2 c5 4. Ngf3 Nc6 5. Bb5 a6 6. Bxc6+ bxc6 7. O-O Nf6 8. Re1 cxd4 9. e5 Nd7 10. Nxd4 Qc7 11. Qh5 g6 12. Qh4 c5 13. N4f3 Bg7 14. Nf1 Nxe5 15. Nxe5 Bxe5 16. Bh6 Bxb2 17. Rad1 Bb7 18. Ne3 Bd4 19. Rxd4 cxd4 20. Ng4 Kd7 21. Qf6 Rae8 22. Bf4 Qc5 23. Ne5+ Kc8 24. Nxf7 Rhf8 25. Rxe6 Qb6 26. Nd6+ Qxd6 27. Bxd6 Rxf6 28. Rxe8+ Kd7 29. Re7+ Kxd6 30. Rxb7 Kc5 31. Rxh7 Rb6 32. Kf1 Rb2 33. a3 d3 34. cxd3 Kd4 35. Rh3 Ra2 36. a4 g5 37. Rg3 Kc3 38. Rxg5 d4 39. Rg3 Rxa4 40. h4 Ra1+ 41. Ke2 Ra2+ 42. Ke1 Ra1+ 43. Ke2 Ra2+ 44. Ke1 Ra1+ 1/2-1/2

[Event "Icelandic Team-ch Kvika Leagu 2023-24"]
[Site "Reykjavik"]
[Date "2024.03.02"]
[Round "9"]
[White "Bjornsson, Sverrir Orn"]
[Black "Thorarinsson, Pall A."]
[Result "1-0"]
[ECO "E31"]
[WhiteElo "2098"]
[BlackElo "2159"]
[Annotator "RC"]
[PlyCount "157"]
[EventDate "2024.02.29"]
[EventType "team-tourn"]
[EventCountry "ISL"]
[SourceTitle "playchess.com"]
[Source "ChessBase"]
[SourceQuality "1"]
[TimeControl "40/5400+30:900+30"]

1. d4 Nf6 2. c4 e6 3. Nc3 Bb4 4. Bg5 c5 5. d5 h6 6. Bh4 Bxc3+ 7. bxc3 d6 8. e3 e5 9. Qc2 Nbd7 10. Nf3 Qe7 11. Nd2 Kd8 12. Bd3 Kc7 13. O-O g5 14. Bg3 Re8 15. f3 Nf8 16. Rab1 Bd7 17. Qb3 b6 18. a4 Reb8 19. Rb2 a5 20. Qc2 Nh5 21. Bf2 Qe8 22. Ra1 Ng7 23. g4 h5 24. h3 Qc8 25. e4 Ng6 26. Be3 hxg4 27. hxg4 Bxg4 28. Bxg5 Nh5 29. Kf2 Nhf4 30. Bxf4 Nxf4 31. Rh1 Bd7 32. Nf1 Qd8 33. Ne3 Qf6 34. Bf1 Rh8 35. Rxh8 Qxh8 36. Ng2 Nxg2 37. Bxg2 Qh4+ 38. Ke3 Qe1+ 39. Kd3 f5 40. Qe2 fxe4+ 41. fxe4 Qxe2+ 42. Rxe2 Rg8 43. Kc2 Bxa4+ 44. Kb2 Bd7 45. Bf1 Rf8 46. Bg2 Rf4 47. Ka3 Bg4 48. Re3 Bd7 49. Bf3 Rh4 50. Bg2 Rh7 51. Rg3 Rh4 52. Rg7 Rg4 53. Rxd7+ Kxd7 54. Bh3 Ke7 55. Bxg4 Kf6 56. Ka4 Kg5 57. Bd7 Kf4 58. Kb5 Kxe4 59. Kxb6 Kd3 60. Kc7 e4 61. Kxd6 e3 62. Bg4 a4 63. Kxc5 a3 64. d6 a2 65. d7 a1=Q 66. d8=Q+ Kc2 67. Bf5+ Kc1 68. Qd3 Qa7+ 69. Kd5 Qf7+ 70. Kd4 Qf6+ 71. Kxe3 Qg5+ 72. Ke4 Qh4+ 73. Ke5 Qe7+ 74. Be6 Qg5+ 75. Qf5 Qe3+ 76. Kd5 Qxc3 77. c5 Qb3+ 78. Kd6 Qb8+ 79. Ke7 1-0

[Event "Icelandic Team-ch Kvika Leagu 2023-24"]
[Site "Reykjavik"]
[Date "2024.03.02"]
[Round "9"]
[White "Ingvason, Johann"]
[Black "Kjartansson, David"]
[Result "1-0"]
[ECO "D25"]
[WhiteElo "2092"]
[BlackElo "2287"]
[Annotator "RC"]
[PlyCount "61"]
[EventDate "2024.02.29"]
[EventType "team-tourn"]
[EventCountry "ISL"]
[SourceTitle "playchess.com"]
[Source "ChessBase"]
[SourceQuality "1"]
[TimeControl "40/5400+30:900+30"]

1. d4 d5 2. c4 dxc4 3. Nf3 Nf6 4. e3 Bg4 5. Bxc4 e6 6. O-O Nbd7 7. Nbd2 Bd6 8. h3 Bh5 9. Qb3 Rb8 10. e4 b5 11. Bxe6 fxe6 12. e5 Nd5 13. exd6 O-O 14. dxc7 Qxc7 15. Ng5 Qc6 16. Re1 Rbe8 17. Nde4 h6 18. Ng3 Bg6 19. Nf3 Bc2 20. Qa3 b4 21. Qa5 Qb7 22. Bd2 Bf5 23. Ne5 N7f6 24. Rac1 Rc8 25. Rc5 a6 26. Rec1 Rcd8 27. Rc6 b3 28. Qxa6 Qb8 29. a4 Bc2 30. Qc4 Rc8 31. a5 1-0

[Event "Icelandic Team-ch Kvika Leagu 2023-24"]
[Site "Reykjavik"]
[Date "2024.03.03"]
[Round "10"]
[White "Donchenko, Alexander"]
[Black "Stefansson, Hannes"]
[Result "1/2-1/2"]
[ECO "A13"]
[WhiteElo "2631"]
[BlackElo "2481"]
[Annotator "RC"]
[PlyCount "56"]
[EventDate "2024.02.29"]
[EventType "team-tourn"]
[EventCountry "ISL"]
[SourceTitle "playchess.com"]
[Source "ChessBase"]
[SourceQuality "1"]
[TimeControl "40/5400+30:900+30"]

1. Nf3 d5 2. e3 Nf6 3. c4 e6 4. Nc3 Be7 5. b3 O-O 6. Bb2 c5 7. cxd5 exd5 8. d4 b6 9. Bd3 Nc6 10. dxc5 bxc5 11. O-O Bg4 12. h3 Bh5 13. Rc1 Rb8 14. Be2 Qd7 15. Na4 Ne4 16. Ba3 Nb4 17. Bxb4 Rxb4 18. Ne5 Qc7 19. Nd3 Bxe2 20. Qxe2 Rbb8 21. Naxc5 Bxc5 22. b4 Rfc8 23. Rc2 Ng3 24. Qd1 Nxf1 25. Qxf1 Qb6 26. bxc5 Qb1 27. Qc1 f6 28. Kf1 Rb5 1/2-1/2

[Event "Icelandic Team-ch Kvika Leagu 2023-24"]
[Site "Reykjavik"]
[Date "2024.03.03"]
[Round "10"]
[White "Laurusas, Tomas"]
[Black "Gislason, Gudmundur"]
[Result "1-0"]
[ECO "E92"]
[WhiteElo "2586"]
[BlackElo "2266"]
[Annotator "RC"]
[PlyCount "113"]
[EventDate "2024.02.29"]
[EventType "team-tourn"]
[EventCountry "ISL"]
[SourceTitle "playchess.com"]
[Source "ChessBase"]
[SourceQuality "1"]
[TimeControl "40/5400+30:900+30"]

1. d4 Nf6 2. c4 g6 3. Nc3 Bg7 4. e4 d6 5. Nf3 O-O 6. Be2 e5 7. Be3 Nc6 8. d5 Ne7 9. Nd2 Ne8 10. c5 f5 11. f3 Kh8 12. Nc4 Ng8 13. Qd2 Bd7 14. O-O-O Ngf6 15. Kb1 b5 16. c6 bxc4 17. cxd7 Qxd7 18. Bxc4 Rb8 19. Qd3 fxe4 20. fxe4 c5 21. dxc6 Qxc6 22. Bxa7 Rb4 23. Bb3 Qb7 24. Be3 Nxe4 25. Nd5 Nf2 26. Bxf2 Rxf2 27. Qg3 Rbf4 28. Rc1 e4 29. Rc2 Rxc2 30. Kxc2 Rf5 31. Rd1 Be5 32. Qe1 Nf6 33. Ne3 Rf4 34. Kb1 Ng4 35. Nc4 Nf2 36. g3 Rf3 37. Nxe5 dxe5 38. Rd8+ Kg7 39. Rg8+ Kh6 40. Qc1+ e3 41. Rd8 Qe7 42. Rd5 Qg5 43. Bc4 Ne4 44. a3 Rf2 45. Ka2 Rd2 46. Rd3 Kg7 47. Qe1 Rxd3 48. Bxd3 Nf2 49. Be2 Qd8 50. Qc3 Qd5+ 51. Kb1 Qe4+ 52. Kc1 h5 53. a4 Ng4 54. a5 Nxh2 55. a6 Nf3 56. Qc7+ Kh6 57. Qb7 1-0

[Event "Icelandic Team-ch Kvika Leagu 2023-24"]
[Site "Reykjavik"]
[Date "2024.03.03"]
[Round "10"]
[White "Pultinevicius, Paulius"]
[Black "Olsen, Filip Boe"]
[Result "1/2-1/2"]
[ECO "D52"]
[WhiteElo "2575"]
[BlackElo "2456"]
[Annotator "RC"]
[PlyCount "83"]
[EventDate "2024.02.29"]
[EventType "team-tourn"]
[EventCountry "ISL"]
[SourceTitle "playchess.com"]
[Source "ChessBase"]
[SourceQuality "1"]
[TimeControl "40/5400+30:900+30"]

1. d4 d5 2. c4 e6 3. Nf3 Nf6 4. Nc3 c6 5. Bg5 Nbd7 6. e3 Qa5 7. cxd5 Nxd5 8. Rc1 Nxc3 9. bxc3 Ba3 10. Rc2 b6 11. Bd3 Ba6 12. O-O Bxd3 13. Qxd3 O-O 14. c4 h6 15. Bh4 Rfe8 16. Rb1 Be7 17. Bg3 Rad8 18. Rd2 Bf6 19. Rbd1 c5 20. Qe2 cxd4 21. exd4 Rc8 22. h3 Qa4 23. Rc1 b5 24. Rdc2 bxc4 25. Rxc4 Rxc4 26. Rxc4 Qa6 27. Qc2 Nb6 28. Rc6 Rc8 29. Be5 Rxc6 30. Qxc6 Qa4 31. Qb7 Qxa2 32. Qb8+ Kh7 33. Bxf6 gxf6 34. Qf8 Qb1+ 35. Kh2 Qg6 36. Qb8 Nd5 37. Qxa7 Kg7 38. Qb8 Qc2 39. Qg3+ Qg6 40. Qb8 Qc2 41. Qg3+ Qg6 42. Qb8 1/2-1/2

[Event "Icelandic Team-ch Kvika Leagu 2023-24"]
[Site "Reykjavik"]
[Date "2024.03.03"]
[Round "10"]
[White "Urkedal, Frode Olav Olsen"]
[Black "Kjartansson, Gudmundur"]
[Result "1-0"]
[ECO "B10"]
[WhiteElo "2536"]
[BlackElo "2465"]
[Annotator "RC"]
[PlyCount "81"]
[EventDate "2024.02.29"]
[EventType "team-tourn"]
[EventCountry "ISL"]
[SourceTitle "playchess.com"]
[Source "ChessBase"]
[SourceQuality "1"]
[TimeControl "40/5400+30:900+30"]

1. e4 c6 2. Nf3 d5 3. d3 dxe4 4. dxe4 Qxd1+ 5. Kxd1 Bg4 6. Be2 Nd7 7. Ne1 Bxe2+ 8. Kxe2 Nc5 9. f3 e5 10. Be3 Nf6 11. a4 Nfd7 12. Nd2 f6 13. b4 Ne6 14. Nd3 Bd6 15. g3 Bc7 16. a5 Ke7 17. Nb3 a6 18. Rad1 Rhd8 19. f4 exf4 20. gxf4 g5 21. f5 Nf4+ 22. Bxf4 Bxf4 23. h4 h6 24. hxg5 Bxg5 25. Nbc5 Nxc5 26. Nxc5 Rab8 27. c3 Bf4 28. Rxd8 Rxd8 29. Rh3 Rd2+ 30. Kf3 Be5 31. Rxh6 Bxc3 32. Rh7+ Ke8 33. Rxb7 Rd4 34. Nxa6 c5 35. Nc7+ Kd7 36. Nb5+ Kc8 37. Rc7+ Kd8 38. Nxd4 Kxc7 39. Nb5+ Kc6 40. Nxc3 cxb4 41. Nd1 1-0